 Dungeon Crawl Stone Soup version 0.24.1-14-gf8d2b509d9 (webtiles) character file.

Game seed: 17039495570740847915, levelgen mode: deterministic

198 Gabide the Insei (level 5, -2/28 HPs)
             Began as a Vine Stalker Monk on May 22, 2020.
             Slain by an orc
             ... wielding a +0 club
              (3 damage)
             ... on level 3 of the Dungeon.
             The game lasted 00:05:35 (1728 turns).

Gabide the Insei (Vine Stalker Monk)                Turns: 1728, Time: 00:05:37

Health: -2/28      AC:  2    Str: 13    XL:     5   Next: 76%
Magic:  0/6        EV: 19    Int: 10    God:
Gold:   119        SH:  0    Dex: 23    Spells: 4/4 levels left

rFire    . . .     SeeInvis .     - Unarmed
rCold    . . .     Gourm    .   (no shield)
rNeg     . . .     Faith    .   a - +0 robe
rPois    .         Spirit   +   (no helmet)
rElec    .         Reflect  .   (no cloak)
rCorr    .         Harm     .   (no gloves)
MR       .....                  (no boots)
Stlth    ++++......             (no amulet)
HPRegen  0.49/turn              (no ring)
MPRegen  0.10/turn              (no ring)

@: agile
A: fangs 2, regeneration 1, magic shield, antimagic bite, no potion heal 3, rot
immunity
a: no special abilities


You were on level 3 of the Dungeon.
You were not hungry.

You visited 1 branch of the dungeon, and saw 3 of its levels.

You collected 119 gold pieces.

Inventory:

Armour
 a - a +0 robe (worn)
Jewellery
 i - a +2 ring of protection {unknown}
Scrolls
 c - a scroll of identify
 d - 3 scrolls of fog
 e - a scroll of magic mapping
 j - a scroll of fear {unknown}
 l - a scroll of teleportation {unknown}
Potions
 f - a potion of lignification {unknown}
 g - 2 potions of agility
 h - a potion of cancellation
 k - a potion of curing
 m - a potion of degeneration {unknown}
Comestibles
 b - 7 rations


   Skills:
 + Level 3.0 Fighting
 + Level 3.0 Dodging
 + Level 3.0 Stealth
 * Level 5.4 Unarmed Combat


You had 4 spell levels left.
You didn't know any spells.
Your spell library was empty.

Dungeon Overview and Level Annotations

Branches:
Dungeon (3/15)

Altars:


Innate Abilities, Weirdness & Mutations

You have extremely sharp teeth.
Your natural rate of healing is unusually fast.
When hurt, damage is shared between your health and your magic reserves.
Your bite disrupts and absorbs the magic of your enemies.
Potions cannot restore your health.
You are immune to rotting.


Message History

You feel agile all of a sudden.
The orc wizard points at you and mumbles some strange words.
The magic dart hits you.
* * * LOW HITPOINT WARNING * * *
The orc priest calls upon Beogh to heal the orc.
The orc's wounds heal themselves!
The orc completely misses you.
You hit the orc wizard. Your bite misses the orc wizard.
The orc wizard is lightly wounded.
The orc wizard closely misses you. The orc misses you.
The orc wizard points at you and mumbles some strange words.
The magic dart hits you!
* * * LOW HITPOINT WARNING * * *
You barely miss the orc wizard. You bite the orc wizard.
The orc wizard's magic leaks into the air.
You drain its magic.
You feel invigorated.
The orc wizard is moderately wounded.
The orc priest looks encouraged for a moment.
The orc wizard hits you with a +0 dagger.
The orc hits you with a +0 club.
You die...

.###.........####...####
.# ##.......## ##..# ..
##.....## ##.# .##
##..(## #.# .# ##'## #.#
.# #.# #.# .# ##.######
#.# ........#####.#
#.......oo@o..#
.....##.####### #.. #.#
. #.# #.# ..# ###


You could see an orc priest, an orc wizard and an orc.

Vanquished Creatures
  A crimson imp (D:2)
  An orc wizard (D:3)
  Natasha (twice) (D:3)
  2 worms
  6 dart slugs
  3 leopard geckos
  8 orcs (D:3)
  9 bats
  A giant cockroach (D:1)
  2 goblins
  4 hobgoblins
  6 jackals
  7 kobolds
  A quokka (D:3)
  A ball python (D:1)
  2 frilled lizards
  A rat (D:1)
57 creatures vanquished.

Notes
Turn   | Place    | Note
-------+----------+-------------------------------------------
     0 | D:1      | Gabide the Vine Stalker Monk began the quest for the Orb.
     0 | D:1      | Reached XP level 1. HP: 11/11 MP: 2/2
    90 | D:1      | Reached XP level 2. HP: 15/16 MP: 1/3
   407 | D:1      | Reached XP level 3. HP: 20/20 MP: 4/4
  1029 | D:2      | Reached skill level 4 in Unarmed Combat
  1029 | D:2      | Gained mutation: Your natural rate of healing is unusually
                  | fast. [Vine Stalker growth]
  1029 | D:2      | Reached XP level 4. HP: 19/24 MP: 5/5
  1385 | D:3      | Reached XP level 5. HP: 19/28 MP: 6/6
  1469 | D:3      | Noticed Natasha
  1481 | D:3      | Killed Natasha
  1481 | D:3      | Reached skill level 5 in Unarmed Combat
  1700 | D:3      | Noticed Natasha
  1716 | D:3      | Killed Natasha
  1727 | D:3      | HP: 1/28 [orc wizard/magic dart (3)]
  1728 | D:3      | Slain by an orc

Levels and vault maps discovered:
D:1:      nzn_arrival_settlement, layout_basic
D:2:      layout_rooms
D:3:      layout_loops_corners, lemuel_doored_altar, uniq_natasha

Skill      XL: |  1  2  3  4  5 |
---------------+----------------+-----
Fighting       | 3 |  3.0
Unarmed Combat | 4 5 |  5.4
Dodging        | 3 |  3.0
Stealth        | 3 |  3.0

Action                   |  1- 3 |  4- 6 || total
-------------------------+-------+-------++-------
Melee: Unarmed           |   104 |   104 ||   208
       Bite              |    34 |    31 ||    65
       Punch             |     2 |     1 ||     3
  Use: Scroll            |     1 |     5 ||     6
       Potion            |     1 |     2 ||     3
 Stab: Sleeping          |     4 |     1 ||     5
  Eat: Chunk             |       |     3 ||     3
Armor: Robe              |    14 |     9 ||    23
Dodge: Dodged            |    88 |    53 ||   141
